 Dungeon Crawl Stone Soup version 0.23.2 (webtiles) character file.

Game seed: 2923658751700867321

14361 Borgoz the Slicer (level 12, -7/100 HPs)
             Began as a Ghoul Gladiator on Apr 4, 2019.
             Was a Believer of Ashenzari.
             Killed from afar by an ice dragon (22 damage)
             ... with a blast of cold
             ... in an ice cave.
             The game lasted 00:31:22 (15462 turns).

Borgoz the Slicer (Ghoul Gladiator)                Turns: 15462, Time: 00:31:23

Health: -7/100     AC:  9    Str: 19    XL:     12   Next: 15%
Magic:  0/23       EV: 18    Int:  5    God:    Ashenzari [**....]
Gold:   678        SH:  0    Dex: 17    Spells: 11/11 levels left

rFire    . . .     SeeInvis .   b - +1 dagger (drain)
rCold    + . .     Gourm    .   (no shield)
rNeg     + + +     Faith    .   x - +2 leather armour of Conscience {MP+9}
rPois    ∞         Spirit   +   c - +2 helmet
rElec    .         Reflect  .   y - scarf {Spirit} (curse)
rCorr    .         Harm     .   (no gloves)
MR       +....                  (no boots)
Stlth    ++++......             (no amulet)
HPRegen  0.00/turn              G - +5 ring of dexterity (curse)
MPRegen  0.18/turn              t - ring of protection from magic

@: rotting
A: rotting body, claws 1, carnivore, cold resistance 1, negative energy
resistance 3, inhibited regeneration, torment resistance, unbreathing
a: Curse Item, Scrying, Renounce Religion


You were in an ice cave.
You worshipped Ashenzari.
Ashenzari was pleased with you.
You were not hungry.

You visited 2 branches of the dungeon, and saw 12 of its levels.
You also visited: Sewer and Ice Cave.

You collected 678 gold pieces.

Inventory:

Hand Weapons
 a - a +2 rapier of venom
 b - a +1 dagger of draining (weapon)
 i - a +0 rapier
 l - a +1 rapier
 r - a +0 dagger of venom
 F - a +2 short sword of venom
Missiles
 m - 2 tomahawks (quivered)
 w - 11 javelins
Armour
 c - a +2 helmet (worn)
 x - the +2 leather armour of Conscience (worn) {MP+9}
   (You found it on level 4 of the Dungeon)

   It affects your magic capacity (+9).
 y - a cursed scarf of spirit shield (worn)
Jewellery
 s - an uncursed ring of magical power
 t - a ring of protection from magic (right claw)
 z - an uncursed ring of protection from fire
 G - a cursed +5 ring of dexterity (left claw)
Wands
 d - a wand of enslavement (7)
 j - a wand of polymorph (19)
 o - a wand of flame (16)
Scrolls
 e - 2 scrolls of fear
 h - 5 scrolls of remove curse
 k - 2 scrolls of amnesia
 v - 3 scrolls of magic mapping
 H - 3 scrolls of teleportation
Potions
 q - 3 potions of flight
 u - 3 potions of brilliance
Comestibles
 f - 11 rations


   Skills:
 + Level 7.6 Fighting
 * Level 9.2 Short Blades
 - Level 1.7 Throwing
 * Level 8.7 Armour
 * Level 9.2 Dodging
 + Level 7.8 Stealth
 + Level 4.0 Evocations


You had 11 spell levels left.
You didn't know any spells.
Your spell library contained the following spells:

 Spells                   Type           Power        Failure   Level  Hunger
 Flame Tongue             Conj/Fire      #....        52%         1    ##.....
 Summon Butterflies       Summ           #.......     52%         1    ##.....
 Sticks to Snakes         Tmut           #.......     67%         2    ###....
 Throw Flame              Conj/Fire      #.....       67%         2    ###....
 Call Canine Familiar     Summ           #.......     88%         3    ####...
 Conjure Flame            Conj/Fire      #.......     88%         3    ####...
 Inner Flame              Hex/Fire       #.......     88%         3    ####...
 Sticky Flame             Conj/Fire      #.......     99%         4    #####..
 Summon Ice Beast         Ice/Summ       #.......     99%         4    #####..
 Bolt of Magma            Conj/Fire/Erth #.........   100%        5    ######.
 Fireball                 Conj/Fire      #.........   100%        5    ######.
 Iskenderun's Battlesphe  Conj/Chrm      #.......     100%        5    ######.
 Summon Mana Viper        Hex/Summ       #.......     100%        5    ######.
 Venom Bolt               Conj/Pois      #.........   100%        5    ######.
 Iron Shot                Conj/Erth      #.........   100%        6    #######
 Orb of Destruction       Conj           #.........   100%        7    #######
 Spellforged Servitor     Conj/Summ      #.........   100%        7    #######
 Summon Hydra             Summ           #.........   100%        7    #######
 Beastly Appendage        Tmut           Unusable     N/A         1    N/A
 Spider Form              Tmut/Pois      Unusable     N/A         3    N/A
 Ice Form                 Ice/Tmut       Unusable     N/A         4    N/A
 Blade Hands              Tmut           Unusable     N/A         5    N/A

Dungeon Overview and Level Annotations

Branches:
Dungeon (11/15)            Temple (1/1) D:4            Lair (0/6) D:9
    Orc: D:9-12

Altars:
Ashenzari
Cheibriados
Dithmenos
Elyvilon
Fedhas
Gozag
Hepliaklqana
Kikubaaqudgha
Makhleb
Nemelex Xobeh
Okawaru
Qazlal
Ru
Sif Muna
Trog
Uskayaw
Vehumet
Wu Jian
Xom
Yredelemnul
Zin
The Shining One

Shops:
D:7 }   D:9 =

Annotations:
D:7 2 transporters, Jaiteiro's ghost, novice VSBe
D:9 exclusion: ice statue
D:10 2 transporters, sdfsdf's ghost, journeyman DDFi


Innate Abilities, Weirdness & Mutations

Your body is rotting away.
You thrive on raw meat.
You are immune to poison.
You have sharp fingernails.
You are carnivorous and can eat meat at any time.
Your flesh is cold resistant. (rC+)
You are immune to negative energy. (rN+++)
You do not regenerate when monsters are visible.
You are immune to unholy pain and torment.
You can survive without breathing.


Message History

* * * LOW HITPOINT WARNING * * *
Okay, then.
As you read the scroll of fear, it crumbles to dust.
You assume a fearsome visage.
The ice dragon easily resists.
The ice dragon looks frightened!
The ice dragon barely misses you. The ice dragon misses you.
The ice dragon tramples you.
* * * LOW HITPOINT WARNING * * *
You stumble backwards!
You feel better.
The ice dragon bites you but does no damage.
The ice dragon misses you. The ice dragon tramples you.
* * * LOW HITPOINT WARNING * * *
You stumble backwards!
You feel better. The ice dragon bites you!
* * * LOW HITPOINT WARNING * * *
The ice dragon closely misses you. The ice dragon barely misses you.
You feel better. The ice dragon breathes frost at you.
The blast of cold hits you!! You resist.
You die...

##..............
#..##.........##
##.###........##
#..# ##........#
#.## #.......##
##.# ##.....##
#..# #.....#
#..# ##..##
##@.# ##.#.
##D.## #..##*
###..##* ##.##
#...## * ##..#
###.### *#..##
##.#..# ≈ *##..#
## #..##.## ≈
##.## #.
#...#..#
≈≈*#.#.# #.
##.#...## ##.##
#.


You could see an ice dragon.

Vanquished Creatures
  Josephine (D:10)
  A hydra (D:11)
  2 two-headed ogres (D:8)
  A death yak (D:11)
  A manticore (D:10)
  A centaur zombie (D:11)
  2 ice statues (IceCv)
  2 rime drakes (IceCv)
  A merfolk (D:9)
  A hippogriff (D:9)
  9 yaks
  4 wraiths (D:10)
  A vampire (D:9)
  A basilisk (D:9)
  2 hungry ghosts
  A soldier ant (D:10)
  An acid dragon (D:10)
  A sky beast (D:8)
  3 orc warriors
  18 ice beasts
  A necrophage (D:6)
  2 wolves (D:10)
  5 ogres
  3 phantoms
  7 centaurs
  6 big kobolds
  A crocodile (D:8)
  8 bullfrogs
  A hornet simulacrum (D:11)
  A scorpion (D:9)
  5 wights (D:10)
  4 howler monkeys
  2 crimson imps (D:7)
  A hound (D:10)
  2 jellies
  6 orc priests
  2 centaur skeletons (D:8)
  An iguana (D:6)
  8 orc wizards
  Natasha (thrice) (D:2)
  6 worker ants
  A hound zombie (D:5)
  2 hound skeletons
  9 adders
  6 gnolls
  2 shadow imps
  A white imp (D:11)
  7 ufetubi
  An ooze (D:1)
  3 adder skeletons
  4 worms (D:3)
  2 dart slugs (D:1)
  3 leopard geckos
  24 orcs
  3 ball pythons
  11 bats
  12 giant cockroaches
  3 goblins
  7 hobgoblins
  6 jackals
  26 kobolds
  A quokka (D:8)
  6 frilled lizards
  A leopard gecko zombie (D:5)
  12 rats
  A spectral orc (D:5)
283 creatures vanquished.

Notes
Turn   | Place    | Note
-------+----------+-------------------------------------------
     0 | D:1      | Borgoz the Ghoul Gladiator began the quest for the Orb.
     0 | D:1      | Reached XP level 1. HP: 17/17 MP: 0/0
   151 | D:1      | Reached XP level 2. HP: 8/24 MP: 1/1
   404 | D:1      | Reached XP level 3. HP: 30/30 MP: 2/2
   629 | D:1      | Reached skill level 1 in Armour
   693 | D:1      | Reached skill level 1 in Stealth
   932 | D:2      | Found a sacrificial altar of Ru.
  1164 | D:2      | Noticed Natasha
  1177 | D:2      | Killed Natasha
  1177 | D:2      | Reached XP level 4. HP: 37/37 MP: 3/3
  1244 | D:2      | Noticed Natasha
  1268 | D:2      | Killed Natasha
  1468 | D:2      | Noticed Natasha
  1478 | D:2      | Killed Natasha
  1478 | D:2      | Reached XP level 5. HP: 32/42 MP: 4/4
  2799 | D:3      | Found a glowing drain.
  2803 | Sewer    | Entered a sewer
  2832 | Sewer    | Noticed a big kobold
  2832 | Sewer    | Noticed a big kobold
  2845 | Sewer    | Killed a big kobold
  2845 | Sewer    | Reached XP level 6. HP: 28/51 MP: 5/5
  3177 | Sewer    | Reached XP level 7. HP: 52/57 MP: 6/6
  3900 | D:4      | Found a staircase to the Ecumenical Temple.
  3921 | Temple   | Entered the Ecumenical Temple
  4073 | D:4      | Found a shattered altar of Ashenzari.
  4229 | D:4      | Became a worshipper of Ashenzari the Shackled
  4625 | D:4      | Reached XP level 8. HP: 66/66 MP: 7/7
  4743 | D:4      | Got the uncursed leather armour of Conscience {MP+9}
  4754 | D:4      | Identified the +2 leather armour of Conscience {MP+9} (You
                  | found it on level 4 of the Dungeon)
  4825 | D:5      | Entered Level 5 of the Dungeon
  5334 | D:5      | Reached skill level 5 in Dodging
  5400 | D:5      | Found a basalt altar of Yredelemnul.
  5605 | D:5      | Reached skill level 5 in Short Blades
  5646 | D:5      | Reached * piety under Ashenzari
  5916 | D:5      | Found a hide-covered altar of Uskayaw.
  6701 | D:6      | Reached XP level 9. HP: 52/72 MP: 8/8
  6939 | D:6      | Reached skill level 5 in Armour
  7252 | D:6      | Found a shadowy altar of Dithmenos.
  7583 | D:7      | Found a white marble altar of Elyvilon.
  7687 | D:7      | Found a shimmering altar of Xom.
  7749 | D:7      | Reached skill level 5 in Fighting
  7992 | D:7      | Found a transporter.
  7995 | D:7      | Found a transporter.
  7995 | D:7      | Noticed Jaiteiro's ghost (novice VSBe)
  8509 | D:7      | Found Taighac's Gadget Boutique.
  8690 | D:7      | Found an iron altar of Okawaru.
  9076 | D:8      | Reached skill level 5 in Stealth
  9319 | D:8      | Reached XP level 10. HP: 80/82 MP: 9/9
  9618 | D:8      | Noticed a two-headed ogre
  9627 | D:8      | Killed a two-headed ogre
  9627 | D:8      | Reached skill level 1 in Evocations
  9669 | D:8      | Found a stormy altar of Qazlal.
  9767 | D:8      | Noticed a two-headed ogre
  9779 | D:8      | Killed a two-headed ogre
 10236 | D:9      | Noticed an ice statue
 10673 | D:9      | Found Duonefuf's Jewellery Shoppe.
 11085 | D:9      | Found a staircase to the Lair.
 11333 | D:10     | Entered Level 10 of the Dungeon
 11407 | D:10     | Reached XP level 11. HP: 47/91 MP: 11/11
 11737 | D:10     | Found a transporter.
 11741 | D:10     | Found a transporter.
 11758 | D:10     | Noticed sdfsdf's ghost (journeyman DDFi)
 12000 | D:10     | Noticed Josephine
 12015 | D:10     | Killed Josephine
 12491 | D:10     | Reached ** piety under Ashenzari
 12645 | D:11     | Noticed a manticore
 12677 | D:10     | Killed a manticore
 12767 | D:11     | Noticed a five-headed hydra
 12896 | D:11     | Killed a five-headed hydra
 12926 | D:11     | Found a frozen archway.
 12935 | D:11     | Noticed a death yak
 12944 | D:11     | Killed a death yak
 12957 | IceCv    | Entered an ice cave
 13570 | IceCv    | Reached XP level 12. HP: 78/95 MP: 13/13
 15430 | IceCv    | Noticed an ice dragon
 15432 | IceCv    | Noticed an ice dragon
 15459 | IceCv    | HP: 3/100 [ice dragon (4)]
 15462 | IceCv    | Killed from afar by an ice dragon

Skill      XL: |  1  2  3  4  5  6  7  8  9 10 11 12 |
---------------+-------------------------------------+-----
Dodging        | 3 4 5 6 7 9 |  9.2
Short Blades   | 3 4 5 6 7 9 |  9.2
Armour         | 1 2 3 4 6 7 8 |  8.7
Stealth        | 1 2 3 4 5 6 7 |  7.8
Fighting       | 3 4 5 6 7 |  7.6
Evocations     | 2 3 4 |  4.0
Throwing       | |  1.7

Action                   |  1- 3 |  4- 6 |  7- 9 | 10-12 || total
-------------------------+-------+-------+-------+-------++-------
Melee: Rapier            |   105 |   186 |   143 |   753 ||  1187
       Dagger            |       |    68 |       |   181 ||   249
       Short sword       |       |     2 |   296 |       ||   298
Throw: Throwing net      |     3 |       |       |     1 ||     4
Invok: Curse Item        |       |       |       |     2 ||     2
Evoke: Wand              |       |       |       |    24 ||    24
  Use: Scroll            |     3 |     5 |     3 |     9 ||    20
       Potion            |     1 |     4 |     3 |    18 ||    26
 Stab: Sleeping          |       |       |     7 |     5 ||    12
       Paralysed         |       |       |       |     2 ||     2
       Held in net/web   |       |       |       |     2 ||     2
       Distracted        |       |       |       |     1 ||     1
  Eat: Chunk             |    12 |    23 |    29 |    41 ||   105
       Ration            |       |       |       |     3 ||     3
Armor: Leather armour    |    21 |       |    58 |   172 ||   251
       Ring mail         |    19 |   105 |    20 |       ||   144
Dodge: Dodged            |    61 |   155 |   241 |   628 ||  1085
